 Dungeon Crawl Stone Soup version 0.27.0-1-g7a089689b8 (webtiles) character file.

Game seed: 7825583709215739475

94 fiver49 the Skirmisher (level 4, 0/38 HPs)
             Began as a Demonspawn Hunter on Aug 10, 2021.
             Was a Follower of Okawaru.
             Slain by Robin (7 damage)
             ... on level 2 of the Dungeon.
             The game lasted 00:02:32 (1766 turns).

fiver49 the Skirmisher (Demonspawn Hunter)          Turns: 1766, Time: 00:02:32

Health: 0/38       AC:  4    Str: 14    XL:     4   Next: 38%
Magic:  4/4        EV: 12    Int: 12    God:    Okawaru [*.....]
Gold:   22         SH:  0    Dex: 13    Spells: 3/3 levels left

rFire    . . .     SeeInvis .   a - +0 short sword
rCold    . . .     Faith    .   (no shield)
rNeg     . . .     Spirit   .   b - +0 leather armour
rPois    .         Reflect  .   (no helmet)
rElec    .         Harm     +   g - scarf {harm}
rCorr    .         Rampage  .   (no gloves)
Will     .....                  i - +0 pair of boots
Stlth    +.........             (no amulet)
HPRegen  0.12/turn              (no ring)
MPRegen  0.09/turn              (no ring)

@: no status effects
A: hooves 1, demonic magic 1
a: Renounce Religion, Heroism


You were on level 2 of the Dungeon.
You worshipped Okawaru.
Okawaru was aware of your devotion.
You visited 1 branch of the dungeon, and saw 2 of its levels.

You collected 22 gold pieces.

Inventory:

Hand Weapons
 a - a +0 short sword (weapon)
Missiles
 c - 3 javelins (quivered)
 d - 2 throwing nets
Armour
 b - a +0 leather armour (worn)
 g - a scarf of harm (worn)
 i - a +0 pair of boots (worn)
Scrolls
 e - 2 scrolls of identify {unknown}
 h - a scroll of vulnerability {unknown}
 k - a scroll of immolation {unknown}
 l - a scroll of teleportation {unknown}
Potions
 f - a potion of brilliance {unknown}
 j - a potion of berserk rage {unknown}


   Skills:
 + Level 4.6 Fighting
 - Level 3.6 Throwing
 - Level 2.0 Dodging
 - Level 1.0 Stealth


You had 3 spell levels left.
You didn't know any spells.
Your spell library contained the following spells:

 Spells                   Type           Power      Damage    Failure   Level
 Magic Dart               Conj           0%         1d3       38%         1
 Call Imp                 Summ           0%         N/A       54%         2
 Mephitic Cloud           Conj/Pois/Air  0%         N/A       77%         3


Dungeon Overview and Level Annotations

Branches:
Dungeon (2/15)

Altars:
Okawaru

Annotations:
D:2 Robin


Innate Abilities, Weirdness & Mutations

You have large cloven feet.
Spells you cast may paralyse adjacent enemies.


Message History

a +0 dagger; a yellow potion The goblin no longer looks unusually strong.
You hit the hobgoblin but do no damage.
The goblin no longer looks unusually strong.
The hobgoblin no longer looks unusually strong.
The hobgoblin barely misses you.
Your leather armour prevents you from hitting the hobgoblin.
The hobgoblin hits you but does no damage.
You hit the hobgoblin.
The hobgoblin is almost dead.
The hobgoblin misses you.
You hit the hobgoblin.
You kill the hobgoblin!
Okawaru accepts your kill.
Robin roars a battlecry!
The goblins go into a battle-frenzy!
You hit the goblin.
You kill the goblin!
Okawaru accepts your kill.
You closely miss the goblin. The goblin hits you but does no damage.
You hit the goblin.
You kill the goblin!
Okawaru accepts your kill.
You hit the hobgoblin.
The hobgoblin is moderately wounded.
The hobgoblin hits you.
You hit the hobgoblin.
You kill the hobgoblin!
Okawaru accepts your kill.
Your leather armour prevents you from hitting Robin.
Robin hits you with a +0 mace of protection.
You closely miss Robin.
Robin hits you with a +0 mace of protection!
* * * LOW HITPOINT WARNING * * *
You hit Robin but do no damage. Robin completely misses you.
You closely miss Robin. Robin barely misses you.
You hit Robin but do no damage.
Robin flexes a bicep menacingly.
Robin hits you with a +0 mace of protection.
You die...

#######..# #
#........# #
#........# #
#........# ####
#......(.#
'..########.......>#
##.##....#######)###
.#.##....# #g#
.#.##....# #@#
.#.##....# #.#
....)†...# #.#
.......#### #.#
............ #.#
#......##### #.#
......## #.# #.#.#.#
#.# #...#.#
#.########


You could see Robin.

Vanquished Creatures
  Terence (D:2)
  Natasha (D:2)
  4 ball pythons
  2 bats (D:2)
  3 endoplasms
  2 giant cockroaches (D:2)
  8 goblins
  8 hobgoblins
  3 jackals (D:1)
  2 kobolds (D:1)
  2 quokkas (D:1)
  A frilled lizard (D:1)
  3 rats (D:1)
40 creatures vanquished.

Notes
Turn   | Place    | Note
-------+----------+-------------------------------------------
     0 | D:1      | fiver49 the Demonspawn Hunter began the quest for the Orb.
     0 | D:1      | Reached XP level 1. HP: 16/16 MP: 1/1
    74 | D:1      | Reached skill level 1 in Stealth
   236 | D:1      | Gained mutation: Spells you cast may paralyse adjacent
                  | enemies. [demonic ancestry]
   236 | D:1      | Reached XP level 2. HP: 17/23 MP: 2/2
   712 | D:1      | Reached skill level 3 in Fighting
  1300 | D:2      | Found a faded altar of an unknown god.
  1308 | D:2      | Became a worshipper of Warmaster Okawaru
  1308 | D:2      | Reached * piety under Okawaru
  1347 | D:2      | Noticed Natasha
  1350 | D:2      | Killed Natasha
  1351 | D:2      | Reached XP level 3. HP: 30/30 MP: 3/3
  1395 | D:2      | Noticed Terence
  1406 | D:2      | Killed Terence
  1407 | D:2      | Reached skill level 4 in Fighting
  1407 | D:2      | Gained mutation: You have large cloven feet. [demonic
                  | ancestry]
  1407 | D:2      | Reached XP level 4. HP: 25/38 MP: 4/4
  1734 | D:2      | Noticed Robin
  1766 | D:2      | Slain by Robin

Illustrated notes

Levels and vault maps discovered:
D:1:      elethiomel_arrival_shortcut, layout_basic, minmay_close_crescents
D:2:      layout_basic, basic_ecumenical_altar, uniq_terence, uniq_natasha,
          uniq_robin

Skill      XL: |  1  2  3 |
---------------+----------+-----
Stealth        | 1 |  1.0
Dodging        | 2 |  2.0
Fighting       | 3 4 |  4.6
Throwing       | |  3.6

Action                   |  1- 3 |  4- 6 || total
-------------------------+-------+-------++-------
Melee: Short sword       |   105 |    24 ||   129
Throw: Javelin           |    11 |     2 ||    13
 Stab: Sleeping          |       |     1 ||     1
Armor: Leather armour    |    25 |     5 ||    30
Dodge: Dodged            |    66 |    16 ||    82
